 Dungeon Crawl Stone Soup version 0.27.1-33-g824d729ab1 (webtiles) character file.

Game seed: 15705082057599982830

2222 pkoi the Grappler (level 9, 0/68 HPs)
             Began as a Black Draconian Gladiator on Dec 22, 2021.
             Was a Believer of the Shining One.
             Killed themself with a badly aimed orb of electricity (5 damage)
             ... on level 7 of the Dungeon.
             The game lasted 00:08:32 (8173 turns).

pkoi the Grappler (Black Draconian Gladiator)       Turns: 8173, Time: 00:08:33

Health: 0/68       AC: 10    Str: 17    XL:     9   Next: 13%
Magic:  12/12      EV: 12    Int: 11    God:    the Shining One [**....]
Gold:   213        SH:  0    Dex: 13    Spells: 9/12 levels left

rFire    . . .     SeeInvis .     - Unarmed
rCold    . . .     Faith    .   (no shield)
rNeg     + . .     Spirit   .   (armour unavailable)
rPois    .         Reflect  .   a - +1 hat
rElec    +         Harm     .   m - +0 cloak
rCorr    .         Rampage  .   l - +0 pair of gloves
Will     +....                  (no boots)
Stlth    +.........             (no amulet)
HPRegen  0.21/turn              h - ring of willpower
MPRegen  0.13/turn              (no ring)

@: lethally poisoned (0 -> -4), about to teleport, slowed, glowing, very slow
A: breathe lightning, AC +7, unfitting armour, electricity resistance,
cold-blooded
a: Breathe Lightning, Renounce Religion, Divine Shield


You were on level 7 of the Dungeon.
You worshipped the Shining One.
The Shining One was pleased with you.
You visited 2 branches of the dungeon, and saw 8 of its levels.

You collected 295 gold pieces.
You spent 82 gold pieces at shops.

Inventory:

Hand Weapons
 c - a +2 dagger of venom
 e - a +0 whip of freezing
 j - a +4 dagger of flaming
 r - a +0 whip
Missiles
 b - 3 throwing nets (quivered)
 p - 7 boomerangs
Armour
 a - a +1 hat (worn)
 l - a +0 pair of gloves (worn)
 m - a +0 cloak (worn)
Jewellery
 h - a ring of willpower (left hand)
Wands
 n - a wand of acid (10)
Scrolls
 f - 2 scrolls of fear
 g - 3 scrolls of identify
 o - a scroll of enchant weapon
Potions
 d - 2 potions of curing
 k - a potion of might
 q - a potion of ambrosia


   Skills:
 + Level 2.5 Fighting
 - Level 0.9(1.8) Slings
 - Level 2.5(2.6) Throwing
 + Level 2.9 Dodging
 + Level 10.2 Unarmed Combat
 - Level 2.3 Spellcasting
 - Level 2.6 Conjurations
 + Level 3.4 Air Magic
 - Level 2.7 Poison Magic
 - Level 2.2 Evocations


You had 9 spell levels left.
You knew the following spells:

 Your Spells              Type           Power      Damage    Failure   Level
a - Mephitic Cloud        Conj/Pois/Air  7%         N/A       26%         3

Your spell library contained the following spells:

 Spells                   Type           Power      Damage    Failure   Level
 Magic Dart               Conj           28%        1d4       10%         1
 Call Imp                 Summ           1%         N/A       38%         2
 Ozocubu's Armour         Ice            1%         N/A       63%         3
 Metabolic Englaciation   Hex/Ice        0%         N/A       100%        5
 Conjure Ball Lightning   Conj/Air       3%         3x3d6     100%        6
 Simulacrum               Ice/Necr       0%         N/A       100%        6
 Discord                  Hex            0%         N/A       100%        8
 Disjunction              Tloc           0%         N/A       100%        8


Dungeon Overview and Level Annotations

Branches:
Dungeon (7/15)             Temple (1/1) D:6

Altars:
Ashenzari
Cheibriados
Elyvilon
Fedhas
Kikubaaqudgha
Makhleb
Nemelex Xobeh
Okawaru
Sif Muna
Vehumet
Wu Jian
Xom
Yredelemnul
Zin
The Shining One

Shops:
D:5 *

Annotations:
D:7 Pikel


Innate Abilities, Weirdness & Mutations

You can breathe wild blasts of lightning.
Your glossy black scales are hard. (AC +7)
You cannot fit into any form of body armour.
You are resistant to electric shocks. (rElec)
You are cold-blooded and may be slowed by cold attacks.


Message History

Pikel hits you with a +0 whip of freezing!
* * * LOW HITPOINT WARNING * * *
You feel as though you will be slow longer.
Pikel freezes you.
* * * LOW HITPOINT WARNING * * *
You closely miss Pikel. Your punch misses Pikel.
Pikel is moderately wounded.
The killer bee stings you!
* * * LOW HITPOINT WARNING * * *
You are poisoned.
The killer bee poisons you! The killer bee stings you.
* * * LOW HITPOINT WARNING * * *
Pikel misses you.
The killer bee stings you but does no damage.
As you read the scroll of teleportation, it crumbles to dust.
You feel strangely unstable.
You feel sick. The killer bee closely misses you. The killer bee stings you.
* * * LOW HITPOINT WARNING * * *
Pikel hits you but does no damage. The killer bee closely misses you.
Pikel hits you with a +0 whip of freezing.
* * * LOW HITPOINT WARNING * * *
Pikel freezes you.
* * * LOW HITPOINT WARNING * * *
You breathe a wild blast of lightning!
The zap hits Pikel.
Pikel is heavily wounded.
The zap hits the lemure!
The lemure is moderately wounded.
You hear a mighty clap of thunder!
The bolt of lightning hits you! You resist.
* * * LOW HITPOINT WARNING * * *
The bolt of lightning misses you.
The orb of electricity explodes!
The orb of electricity engulfs Pikel.
Pikel is heavily wounded.
The orb of electricity engulfs the lemure!!
You kill the lemure!
That felt strangely unrewarding.
The orb of electricity engulfs the lemure.
The lemure is lightly wounded.
The orb of electricity engulfs you. You resist.
You die...

#..#
..#...#.#.##.........
..##.##.#..###.......
#.#.....# #....... #
##.##.######.###...
...###...###...#..†.####
♣....._.....♣.......# #
..###.5.###...#.....# #
##K## #####.......# #@#
#........ ##y##
#....#..# #.yl#
.....##.. #.♣.# ......
.. . #...# ....... #..
###.## #..l.##...#
#....l...## #?.##....#


You could see a komodo dragon, Pikel, a lemure and 2 killer bees.

Vanquished Creatures
  A black bear (D:5)
  8 ogres
  A centaur (D:5)
  3 lemures (D:7)
  A kobold brigand (D:6)
  Blork the orc (D:6)
  A bullfrog (D:7)
  4 scorpions
  A killer bee (D:7)
  4 wights (D:7)
  2 howler monkeys
  3 centaur zombies
  2 hounds
  Crazy Yiuf (D:3)
  2 orc priests
  A gnoll shaman (D:5)
  2 iguanas (D:5)
  Jessica (D:2)
  3 orc wizards
  A killer bee zombie (D:6)
  3 gnolls (D:5)
  7 adders
  A white imp (D:6)
  An adder skeleton (D:5)
  A worm (D:7)
  2 dart slugs
  8 orcs
  7 bats
  7 endoplasms
  2 giant cockroaches
  8 goblins
  10 hobgoblins
  4 jackals (D:2)
  5 quokkas
  6 ball pythons
  3 frilled lizards
  10 kobolds
  11 rats
139 creatures vanquished.

Vanquished Creatures (others)
  5 fungi (D:7)
5 creatures vanquished.

Grand Total: 144 creatures vanquished

Notes
Turn   | Place    | Note
-------+----------+-------------------------------------------
     0 | D:1      | pkoi the Draconian Gladiator began the quest for the Orb.
     0 | D:1      | Reached XP level 1. HP: 17/17 MP: 1/1
   547 | D:1      | Reached XP level 2. HP: 24/24 MP: 2/2
   722 | D:1      | Reached skill level 4 in Unarmed Combat
   880 | D:1      | Reached XP level 3. HP: 28/29 MP: 3/3
  1224 | D:2      | Noticed Jessica
  1237 | D:2      | Killed Jessica
  1546 | D:2      | Reached XP level 4. HP: 36/36 MP: 4/4
  1584 | D:2      | Reached skill level 5 in Unarmed Combat
  2122 | D:3      | Found a glowing golden altar of the Shining One.
  2275 | D:3      | Became a worshipper of the Shining One
  2707 | D:3      | Found a runed translucent door.
  2708 | D:3      | Noticed Crazy Yiuf
  2831 | D:3      | Noticed an ogre
  2841 | D:3      | Killed an ogre
  2842 | D:3      | Reached skill level 6 in Unarmed Combat
  2842 | D:3      | Reached XP level 5. HP: 20/41 MP: 5/5
  3284 | D:4      | Noticed an ogre
  3290 | D:4      | Killed an ogre
  3291 | D:4      | Reached XP level 6. HP: 48/48 MP: 6/6
  3326 | D:4      | You fall into a shaft and drop 3 floors!
  3382 | D:7      | Identified the +1 dagger of Akelinot {freeze, Dex+2}
  3460 | D:6      | Reached skill level 7 in Unarmed Combat
  3952 | D:5      | Entered Level 5 of the Dungeon
  3962 | D:5      | Reached skill level 8 in Unarmed Combat
  4022 | D:6      | Your scales start taking on a glossy black colour.
  4022 | D:6      | Reached XP level 7. HP: 23/55 MP: 7/7
  4022 | D:6      | Gained mutation: You are resistant to electric shocks.
                  | (rElec) [Black Draconian growth]
  4351 | D:6      | Learned a level 3 spell: Mephitic Cloud
  4397 | D:6      | Reached skill level 9 in Unarmed Combat
  5054 | D:5      | Reached * piety under the Shining One
  5280 | D:4      | Reached XP level 8. HP: 58/61 MP: 8/8
  5316 | D:4      | Reached skill level 1 in Air Magic
  5706 | D:3      | Killed Crazy Yiuf
  5707 | D:3      | Reached skill level 1 in Poison Magic
  5915 | D:5      | Reached skill level 1 in Spellcasting
  5915 | D:5      | Reached skill level 1 in Conjurations
  6101 | D:5      | Reached skill level 1 in Evocations
  6361 | D:5      | Reached skill level 10 in Unarmed Combat
  6524 | D:5      | Found Nuometie's General Store.
  6530 | D:5      | Bought a +0 whip for 37 gold pieces
  6530 | D:5      | Bought a scroll of teleportation for 45 gold pieces
  6671 | D:6      | Found a staircase to the Ecumenical Temple.
  6760 | Temple   | Entered the Ecumenical Temple
  7077 | D:6      | Noticed Blork the orc
  7088 | D:6      | Killed Blork the orc
  7871 | D:7      | Reached XP level 9. HP: 54/67 MP: 12/12
  7881 | D:7      | Found a snail-covered altar of Cheibriados.
  7955 | D:7      | Found a white marble altar of Elyvilon.
  8118 | D:7      | Reached ** piety under the Shining One
  8156 | D:7      | Noticed a komodo dragon
  8160 | D:7      | Noticed Pikel
  8173 | D:7      | Killed themself with a badly aimed orb of electricity

Illustrated notes

Levels and vault maps discovered:
D:1:      dpeg_arrival_morbid_curiosity, layout_loops_ring
D:2:      layout_basic, minmay_misc_feat_square, uniq_jessica
D:3:      layout_loops_ring, tso_altar, uniq_crazy_yiuf_cottage
D:4:      layout_basic
D:5:      layout_rooms, serial_shops, nicolae_diamond_shop,
          kennysheep_opposing_triangles
D:6:      cheibrodos_quashed, layout_loops_cross, minmay_temple_entry_fiery,
          minmay_misc_feat_ornament, chequers_serial_rivers_micro_a,
          uniq_blork_the_orc
D:7:      due_chaos_kobolds, layout_cave_pools, mainiacjoe_overflow_alcove_4,
          elyvilon_altar_1, slow_altar_1, eino_tiny_chamber, uniq_pikel,
          uniq_prince_ribbit1
Temple:   minmay_temple_bridge_abc

Skill      XL: |  1  2  3  4  5  6  7  8 |
---------------+-------------------------+-----
Unarmed Combat | 4 6 8 9 10 | 10.2
Air Magic      | 3 |  3.4
Poison Magic   | 2 |  2.7
Spellcasting   | 2 |  2.3
Conjurations   | 2 |  2.6
Throwing       | 2 |  2.5
Evocations     | 2 |  2.2
Fighting       | |  2.5
Slings         | |  0.9
Dodging        | |  2.9

Action                   |  1- 3 |  4- 6 |  7- 9 || total
-------------------------+-------+-------+-------++-------
Melee: Unarmed           |    17 |    82 |   245 ||   344
       Whip              |    85 |       |       ||    85
       Tailslap          |    10 |    24 |    36 ||    70
       Dagger            |     8 |    81 |       ||    89
       Punch             |       |     4 |     8 ||    12
  Use: Scroll            |     2 |     1 |     8 ||    11
       Potion            |     2 |       |     2 ||     4
 Stab: Sleeping          |     1 |     1 |       ||     2
Armor: Skin              |    44 |    55 |    69 ||   168
Dodge: Dodged            |    75 |   114 |   116 ||   305
